Map: Blood Boil LE

Players

Whiskydog

  • Race: Terran Terran
  • League: Silver
  • Spawn Location: 5:00

BlackFly - Winner!

  • Race: Terran Terran
  • League: Silver
  • Spawn Location: 11:00

VOD

Have the link to the VOD?

Description

Time

  • Played on: May 30, 2017, 5:47 a.m.
  • Length: 22:15
Show
View Real Time Build Order
Export as new Build Order

Whiskydog Terran 

Build Orders:  

Get SALT Encoding   

  12  0:00  Unknown  
  12  0:05  SCV  
  13  0:18  SCV  
  13  0:20  Supply Depot  
  14  0:40  Refinery, SCV  
  15  0:49  Barracks  
  15  0:52  SCV  
  16  1:05  Supply Depot  
  16  1:15  SCV  
  17  1:23  Refinery  
  17  1:27  SCV  
  17  1:32  Engineering Bay  
  18  1:44  Barracks Reactor, SCV  
  19  1:56  SCV  
  20  2:07  Barracks  
  20  2:11  Barracks  
  20  2:17  Terran Infantry Weapons Level 1  
  20  2:23  SCV  
  21  2:34  Marine  
  21  2:35  Marine  
  23  2:49  SCV  
  24  2:58  Missile Turret  
  24  3:01  Missile Turret, SCV  
  25  3:07  Missile Turret  
  25  3:09  Barracks Reactor  
  25  3:25  Factory  
  25  3:35  Orbital Command  
  25  3:39  Marine  
  26  3:44  Barracks Reactor  
  26  3:54  Marine x2  
  26  3:55  Marine  
  29  4:01  SCV  
  30  4:13  SCV  
  30  4:15  Terran Infantry Armor Level 1  
  31  4:25  Barracks  
  31  4:37  Supply Depot  
  31  4:41  Supply Depot  
  31  4:59  Marine x6, SCV  
  38  5:07  Supply Depot  
  38  5:08  Supply Depot  
  38  5:11  SCV  
  39  5:33  Command Center  
  39  5:36  Marine  
  39  5:37  Marine x3  
  39  5:39  Marine  
  39  5:42  Factory Reactor  
  44  5:44  Barracks Reactor  
  44  5:46  SCV  
  45  6:13  Starport  
  45  6:19  Starport  
  45  6:26  Widow Mine  
  45  6:27  Widow Mine  
  45  6:31  Marine x5  
  45  6:32  Marine x2  
  56  6:33  Marine  
  57  6:51  Refinery  
  57  6:54  Refinery  
  57  7:03  Barracks  
  57  7:06  Barracks  
  57  7:22  Marine x5  
  61  7:29  Supply Depot  
  62  7:33  Supply Depot  
  62  7:40  Supply Depot, SCV  
  63  7:51  Orbital Command  
  63  7:54  Marine  
  64  7:58  Barracks Tech Lab  
  64  8:05  Barracks Tech Lab  
  64  8:07  SCV  
  64  8:10  Marine x2  
  67  8:13  Widow Mine  
  70  8:20  SCV  
  70  8:29  SCV  
  70  8:32  SCV  
  72  8:35  Marine x2  
  72  8:36  Marine x4  
  72  8:37  Marine  
  72  8:39  Marauder  
  84  8:41  Marauder, SCV  
  84  8:51  Starport Reactor  
  84  8:52  Starport Reactor  
  84  9:08  Marine x4  
  88  9:11  Marauder x2  
  88  9:14  Marine x3  
  88  9:15  Marine  
  96  9:29  Medivac x2  
  96  9:30  Medivac  
  102  10:00  Supply Depot  
  102  10:01  Supply Depot  
  102  10:06  Supply Depot  
  102  10:22  Marauder, Marine x5, SCV  
  102  10:23  Medivac, Marine x3, SCV, Marauder  
  118  10:34  SCV  
  118  10:35  SCV  
  120  10:36  Command Center  
  120  10:43  Missile Turret x2  
  120  10:44  Marauder  
  120  10:45  Marauder  
  124  10:56  Missile Turret  
  124  10:58  Missile Turret  
  124  11:39  SCV x2  
  126  11:48  Medivac x4, Marine x5, Marauder  
  141  11:57  Supply Depot  
  141  11:58  Supply Depot  
  141  12:01  Supply Depot  
  141  12:03  Supply Depot  
  141  12:05  Supply Depot  
  141  12:19  Medivac x2, Marine x2, Marauder  
  141  12:20  Marauder, Marine x4  
  155  12:23  Marine  
  155  12:24  Marine  
  155  12:28  Hellion  
  159  12:35  Hellion  
  161  12:40  Marine x3  
  161  12:41  Marauder, Marine  
  161  12:42  Marauder  
  169  12:52  Orbital Command  
  169  12:54  SCV x2  
  169  12:56  Marine x2  
  169  12:57  Marine  
  174  13:02  Marauder  
  174  13:03  Marauder  
  178  13:06  SCV x2  
  180  13:20  SCV  
  181  13:36  Supply Depot  
  181  13:39  Supply Depot  
  181  13:41  Supply Depot  
  181  13:44  Supply Depot, Marine x4  
  181  13:45  Supply Depot, Marine x3, SCV  
  138  13:57  Combat Shields  
  138  14:01  Stimpack  
  107  14:07  Marine x2  
  107  14:08  Marine x5  
  107  14:09  Marine  
  103  14:10  Marauder  
  103  14:11  Marauder  
  103  14:14  Medivac x2  
  103  14:15  Medivac  
  106  14:25  Marine x2  
  106  14:30  Refinery  
  108  14:32  Marauder x2  
  108  14:35  Marine x2  
  108  14:36  Marine x3  
  108  14:37  Marine  
  118  14:40  Medivac  
  118  14:43  Marine  
  118  14:44  Marine  
  122  14:47  Medivac  
  124  14:53  Marauder x2, Marine x2  
  130  15:04  Marine  
  130  15:05  Marine x4  
  130  15:06  Marine  
  136  15:12  Marine  
  137  15:15  Marauder x2  
  137  15:16  Medivac  
  143  15:22  Command Center  
  143  15:49  Marine x3  
  145  15:50  Marine x2  
  145  15:54  Concussive Shells  
  148  16:06  Liberator x3  
  148  16:07  Liberator  
  148  16:09  Marine x6  
  148  16:10  Marine x2  
  156  16:11  Armory  
  168  16:29  Marine x4  
  168  16:30  Marine x2  
  174  16:49  Liberator x2  
  174  16:56  Planetary Fortress  
  174  16:59  Marine x2  
  174  17:00  Marine x3  
  185  17:47  Marine x3  
  185  17:48  Marine x5  
  185  17:49  Marine x2  
  195  17:52  Medivac x2  
  70  19:13  Starport Tech Lab  
  70  19:16  Starport Tech Lab  
  70  19:20  Marine x3  
  70  19:21  Marine x3  
  70  19:22  Marine  
  70  19:23  Marine  
  82  19:24  Marauder x2  
  82  19:35  Terran Infantry Weapons Level 2  
  82  19:38  Marine x2  
  82  19:39  Marine  
  82  19:40  Marine x2  
  91  19:45  Marauder x2  
  91  19:50  Barracks  
  91  19:54  Barracks  
  91  19:56  Barracks  
  91  20:00  Starport  
  91  20:02  Starport  
  91  20:09  Marine x2  
  91  20:10  Marine x3  
  91  20:11  Marine  
  91  20:12  Marauder x2  
  107  20:33  Marauder x2  
  111  20:41  Fusion Core  
  105  20:57  Starport Reactor  
  105  20:59  Starport Reactor  
  105  21:01  Barracks Tech Lab  
  105  21:04  Barracks Tech Lab  
  105  21:08  Barracks Tech Lab, Marine x6  
  105  21:09  Marine x2  
  105  21:10  Marauder x2  
  117  21:31  Marauder x2  
  121  21:35  Marine x5  
  121  21:36  Marine  
  121  21:37  Medivac x5  
  139  21:40  Medivac  
Show
View Real Time Build Order
Export as new Build Order

BlackFly Terran - Winner!

Build Orders:  

Get SALT Encoding   

  12  0:00  Unknown  
  12  0:05  SCV  
  13  0:16  Supply Depot  
  13  0:19  SCV  
  14  0:31  SCV  
  15  0:40  Barracks  
  15  0:48  Supply Depot  
  15  0:49  SCV  
  16  0:59  Refinery  
  16  1:01  SCV  
  17  1:07  Refinery  
  17  1:13  SCV  
  18  1:26  SCV  
  18  1:30  Barracks  
  18  1:31  Marine  
  20  1:38  SCV  
  21  1:49  Marine  
  21  1:50  SCV  
  23  2:02  SCV  
  23  2:07  Marine  
  25  2:14  SCV  
  26  2:20  Barracks, Marine  
  27  2:25  Marine  
  27  2:26  SCV  
  29  2:30  Supply Depot  
  29  2:36  Supply Depot  
  29  2:37  Marine  
  29  2:38  SCV  
  31  2:50  Orbital Command  
  31  2:52  Marine  
  31  2:55  Marine  
  33  3:09  Factory  
  33  3:10  Marine x2  
  35  3:13  Marine  
  36  3:21  SCV  
  37  3:27  Marine  
  37  3:28  Marine  
  37  3:30  Supply Depot  
  37  3:31  Marine  
  40  3:41  Supply Depot  
  40  3:47  Supply Depot  
  40  3:51  Marine x3  
  43  3:58  Starport  
  43  4:00  Factory Tech Lab  
  43  4:10  Barracks Tech Lab x2  
  43  4:14  Engineering Bay  
  43  4:18  Barracks Tech Lab  
  43  4:39  Starport  
  43  4:42  Siege Tank  
  46  4:54  Sensor Tower  
  46  4:55  Starport Tech Lab  
  46  5:01  Command Center  
  46  5:12  Missile Turret  
  46  5:14  Missile Turret  
  46  5:17  Missile Turret  
  46  5:26  Armory  
  46  5:41  Bunker  
  46  5:44  SCV  
  46  5:47  Siege Tank  
  50  5:52  Marauder  
  50  5:54  Marauder  
  50  5:56  SCV  
  50  5:57  Marine  
  56  6:13  Marine  
  56  6:14  Marine  
  56  6:15  Bunker, Marine  
  59  6:21  Orbital Command  
  59  6:34  Fusion Core  
  59  6:40  Refinery  
  59  7:19  Sensor Tower  
  59  7:20  Starport Tech Lab  
  59  7:22  Terran Vehicle And Ship Armor Level 1  
  59  7:35  Starport  
  59  7:49  Command Center  
  59  7:55  SCV  
  60  8:07  SCV  
  60  8:10  Sensor Tower  
  61  8:19  SCV  
  62  8:26  Missile Turret  
  62  8:28  Missile Turret  
  62  8:31  Missile Turret, SCV  
  62  8:32  Missile Turret  
  63  8:43  SCV  
  64  8:49  Starport  
  64  8:59  Starport Tech Lab  
  64  9:01  Battlecruiser  
  64  9:02  Missile Turret  
  70  9:06  Orbital Command  
  70  9:16  Refinery, Terran Ship Weapons Level 1  
  70  9:24  Refinery  
  70  9:28  Battlecruiser  
  76  9:41  Starport Tech Lab  
  76  9:47  Factory  
  76  9:55  Command Center  
  76  10:02  SCV  
  76  10:05  SCV  
  78  10:08  SCV  
  79  10:14  SCV  
  79  10:15  Battlecruiser  
  79  10:17  SCV  
  79  10:20  SCV  
  88  10:26  SCV  
  89  10:34  SCV  
  90  10:38  SCV  
  91  10:44  Missile Turret x2  
  91  10:46  Missile Turret x2, SCV  
  91  10:48  Missile Turret  
  91  10:49  Missile Turret  
  92  10:50  SCV  
  92  10:55  Battlecruiser  
  99  10:58  SCV  
  99  11:09  Supply Depot  
  99  11:10  SCV  
  99  11:11  Supply Depot  
  100  11:12  Supply Depot  
  100  11:13  Supply Depot x2  
  100  11:16  Supply Depot  
  100  11:23  SCV  
  101  11:32  Orbital Command  
  101  11:37  Weapon Refit  
  101  11:40  Terran Vehicle And Ship Armor Level 2  
  101  12:09  Battlecruiser x2  
  101  12:14  Battlecruiser  
  119  12:30  Orbital Command  
  119  12:45  Ghost Academy, Command Center  
  119  12:48  Factory Tech Lab  
  119  12:51  Battlecruiser  
  125  12:58  Refinery  
  125  12:59  SCV  
  126  13:12  SCV  
  127  13:27  Ghost Academy  
  127  13:32  Raven  
  135  13:34  Battlecruiser  
  135  13:44  Battlecruiser  
  133  13:55  Terran Ship Weapons Level 2  
  119  13:59  Ghost Academy  
  113  14:18  Battlecruiser  
  113  14:20  Battlecruiser  
  125  14:29  Orbital Command  
  125  14:54  Battlecruiser  
  125  14:57  Battlecruiser  
  137  15:16  Ghost Academy  
  137  15:18  Nuke  
  137  15:26  Personal Cloaking  
  137  15:47  Ghost Academy  
  137  16:01  Battlecruiser  
  143  16:06  Command Center  
  143  16:07  Refinery  
  143  16:12  Refinery  
  143  16:15  Orbital Command  
  143  16:18  Terran Vehicle And Ship Armor Level 3  
  143  16:28  SCV  
  143  16:30  SCV  
  145  16:40  SCV  
  145  16:42  SCV  
  147  16:58  Ghost Academy  
  147  17:00  Nuke x2  
  147  17:14  Battlecruiser  
  153  17:29  Ghost Academy, Orbital Command  
  153  18:00  Orbital Command  
  141  18:49  Battlecruiser  
  141  18:50  Battlecruiser x3  
  165  18:55  Terran Ship Weapons Level 3  
  165  19:09  Command Center  
  165  19:13  Refinery  
  165  19:15  Refinery  
  165  19:39  SCV  
  165  19:42  SCV  
  167  19:51  SCV  
  168  19:54  Battlecruiser x4, SCV  
  193  20:23  Ghost x3  
  199  20:34  Ghost Academy  
  199  20:36  Nuke x2  
  199  20:44  Orbital Command  
  199  20:51  Marine  
  200  21:04  Ghost Academy  
Tags
 
Matchup
TvT
Race
Terran
Replay Pack
SIII
Spawn Locations
Cross Positions
Add a new tag
Caveats
  • Supply blocks, unpowered buildings, or Contaminate may cause inaccurate times.
  • Supply counts are checked every 10 seconds.